Map: Blackburn LE

Players

MaSa

  • Race: Terran Terran

Scarlett - Winner!

  • Race: Zerg Zerg

Event: DreamHack SC2 Masters 2021 Fall

VOD

Have the link to the VOD?

Description

Time

  • Played on: Aug. 5, 2021, 3:08 p.m.
  • Length: 8:15

All games in this series

Show
View Real Time Build Order
Export as new Build Order

MaSa Terran 

Build Orders: 2 Factory, Hellion Opening, Reaper Expand, Mech 

Get SALT Encoding   

  12  0:00  SCV  
  13  0:12  SCV  
  14  0:17  Supply Depot  
  14  0:24  SCV  
  15  0:38  SCV  
  15  0:40  Barracks  
  16  0:44  Refinery  
  16  0:50  SCV  
  17  1:03  SCV  
  18  1:15  SCV  
  19  1:27  Reaper, Orbital Command  
  20  1:39  Command Center  
  20  1:49  Supply Depot  
  20  1:53  SCV  
  21  1:57  Refinery  
  21  1:59  Marine  
  22  2:05  SCV  
  23  2:12  Factory  
  23  2:17  SCV  
  23  2:20  Barracks Reactor  
  24  2:34  SCV  
  25  2:48  SCV  
  26  2:52  Orbital Command  
  26  2:54  Factory  
  26  3:01  SCV  
  26  3:04  Hellion  
  26  3:05  Hellion  
  31  3:07  Marine  
  32  3:14  SCV  
  32  3:18  SCV  
  34  3:25  Barracks Tech Lab  
  34  3:26  Hellion x2  
  38  3:28  Supply Depot  
  38  3:30  SCV  
  39  3:36  SCV  
  39  3:40  Factory Tech Lab  
  40  3:42  Supply Depot, SCV  
  40  3:47  Hellion x2  
  45  3:53  SCV  
  44  4:00  SCV  
  44  4:01  Cyclone  
  48  4:02  Infernal Pre-Igniter  
  48  4:05  Supply Depot  
  48  4:08  SCV  
  48  4:09  Refinery  
  49  4:10  Hellion  
  49  4:13  Hellion  
  53  4:18  SCV  
  53  4:21  SCV  
  55  4:31  SCV  
  56  4:32  Hellion  
  56  4:33  Cyclone  
  56  4:34  Hellion  
  56  4:38  Supply Depot, SCV  
  64  4:43  SCV  
  65  4:51  Supply Depot  
  63  4:53  Hellion  
  63  4:55  SCV  
  63  4:56  Hellion  
  68  5:05  Cyclone  
  71  5:10  Command Center  
  71  5:13  SCV  
  72  5:18  Hellion x2  
  72  5:19  SCV  
  75  5:25  SCV  
  71  5:31  SCV  
  62  5:37  SCV  
  62  5:41  Cyclone  
  62  5:42  Hellion x2  
  70  5:44  SCV  
  70  5:49  Mag-Field Accelerator  
  72  5:50  SCV  
  72  5:56  SCV  
  73  6:01  Armory  
  73  6:02  SCV, Armory  
  74  6:04  Hellion  
  74  6:08  SCV  
  74  6:11  Refinery  
  77  6:14  SCV  
  72  6:19  Cyclone  
  72  6:20  SCV  
  72  6:25  Factory  
  74  6:26  SCV  
  74  6:32  SCV  
  75  6:34  Hellion  
  75  6:38  SCV  
  78  6:44  SCV  
  79  6:50  SCV  
  79  6:51  Siege Tank  
  83  6:56  SCV  
  83  6:57  Hellion x2  
  86  7:02  SCV  
  86  7:06  Orbital Command  
  86  7:07  Barracks Reactor  
  84  7:08  SCV  
  84  7:11  Factory  
  84  7:14  SCV  
  84  7:15  Siege Tank  
  85  7:20  SCV  
  84  7:25  Siege Tank  
  84  7:26  SCV, Hellion  
  90  7:32  SCV  
  70  7:37  SCV  
  70  7:38  Hellion  
  70  7:39  SCV  
  63  7:47  Hellion  
Show
View Real Time Build Order
Export as new Build Order

Scarlett Zerg - Winner!

Build Orders: Hatch First 

Get SALT Encoding   

  12  0:00  Drone  
  13  0:12  Overlord  
  13  0:17  Drone  
  14  0:30  Drone x2  
  16  0:47  Hatchery  
  15  0:51  Drone  
  15  0:54  Drone  
  17  0:57  Drone  
  18  1:08  Extractor  
  17  1:13  Spawning Pool  
  17  1:16  Drone  
  17  1:19  Drone  
  18  1:27  Drone  
  19  1:38  Drone  
  20  1:49  Drone  
  21  2:00  Queen x2  
  25  2:01  Zergling x4  
  27  2:10  Drone  
  27  2:11  Overlord  
  28  2:21  Hatchery  
  27  2:24  Drone  
  28  2:31  Drone x2  
  28  2:35  Drone  
  30  2:41  Metabolic Boost  
  30  2:48  Queen, Drone  
  33  2:51  Overlord  
  33  2:57  Drone x2  
  35  3:09  Drone x5  
  40  3:15  Overlord  
  40  3:20  Queen  
  40  3:24  Drone  
  43  3:32  Queen  
  45  3:37  Drone x4  
  45  3:40  Drone x3  
  52  3:43  Overlord  
  52  3:47  Zergling x4  
  54  3:53  Roach Warren  
  53  3:57  Overlord  
  53  3:58  Drone x2  
  53  4:02  Zergling x4  
  57  4:03  Drone  
  58  4:10  Drone x2  
  58  4:11  Queen  
  58  4:13  Overlord  
  58  4:16  Overlord  
  62  4:22  Queen, Drone  
  65  4:26  Extractor  
  65  4:27  Drone  
  65  4:28  Drone x2  
  65  4:29  Extractor  
  65  4:31  Drone x3  
  69  4:38  Roach  
  69  4:39  Roach x2  
  69  4:42  Roach x2  
  69  4:45  Drone  
  80  4:46  Lair  
  80  4:50  Drone x3  
  83  4:58  Drone  
  83  4:59  Drone x4  
  88  5:01  Overlord  
  88  5:09  Roach  
  88  5:14  Overlord x2  
  90  5:17  Extractor  
  90  5:18  Extractor  
  90  5:19  Extractor, Overlord  
  87  5:24  Overlord  
  85  5:30  Overlord x2, Roach x2  
  85  5:33  Drone x5  
  85  5:34  Drone x2  
  90  5:38  Drone x2  
  91  5:43  Glial Reconstitution  
  91  5:46  Roach  
  91  5:48  Hatchery  
  90  5:53  Drone x2  
  92  5:57  Overlord  
  92  6:01  Roach x4  
  92  6:03  Drone  
  101  6:04  Roach  
  101  6:05  Evolution Chamber, Roach  
  101  6:07  Roach  
  101  6:08  Roach  
  108  6:12  Roach  
  108  6:18  Roach x2  
  114  6:19  Ravager  
  114  6:22  Roach  
  114  6:23  Roach  
  119  6:27  Ravager  
  119  6:29  Roach x4  
  119  6:30  Roach  
  119  6:31  Roach x2  
  130  6:37  Roach x2  
  130  6:38  Overlord  
  135  6:40  Ravager x4  
  135  6:42  Overlord  
  138  6:47  Overlord x2  
  138  6:58  Roach x4  
  146  7:05  Roach x7  
  160  7:15  Ravager  
  155  7:16  Roach x5  
  155  7:17  Ravager  
  155  7:19  Ravager  
  169  7:23  Roach x3  
  169  7:25  Roach  
  169  7:26  Overlord  
  158  7:38  Roach x8  
  158  7:41  Ravager  

Tags
 
Add a new tag
Caveats
  • Supply blocks, unpowered buildings, or Contaminate may cause inaccurate times.
  • Supply counts are checked every 10 seconds.